Unix NetHack Version 5.0.0-0 post-release - last build Jul 11 2026 15:18:16 (a5a7a23833b1ad5d30b1c6e96a93a978492a6348,branch:main).

Game began 2026-07-13 18:04:04, ended 2026-07-13 18:22:45.

DaveT, lawful male human Priest

                   ----
                   |..-- # #                   ----        ----   -----
                  --...| -###                 --..|---     |..|   |...|
                 --....---..#     ---         |...||.---   |..|   |...|
                |.......|.[.|   ---.---  ---  --.---..*--- --.--  |.---
               --..........--  --.....----.--  |.--......---|..----.|
               |..|.......--   |............---|..[........|--......|
               |.-|.......|    --.............||.).........--|......|
              .|.|#..|.#..----  --.....|......|--...........--.-....--
              ...#---|.......--  |...----.--..-----.|................|
              ..--# #-####-...|  |-.--  ---|.....----.............*..|     ---
              ..#  #####  #.--- --..|      --......|.......--........|    --.--
       ---    -.---##.##  #.|   |..--       |-.............|-...B`.).|-----...|
      --...............#  #.--  --..|   ----|...^..*......-|...@....)||......--
      |................|  #..#   ----  --..--).---...---..---...B....||.------
      |...............--  -#.#         |......-  ----- |...----)....---.|
       -.....^........--   |.---       |......|        |....| |...*.*|..|
       |...............|   |...--      ---....|        |-...|--.....<>.--
       ---............--   ---..---------^..---        |....||..|......|
         |..#..|.--..--      |............---          --.--------.--.--
         -------------       --------------             ---      ------
DaveT the Adept              St:11 Dx:11 Co:18 In:10 Wi:17 Ch:12  Lawful
Dlvl:4  $:0  HP:0(62) Pw:63(63) AC:-2 Xp:6 T:3210  Burdened

Latest messages:
 The bat bites!
 The bat bites!
 The bat bites!
 The bat misses!
 The bat bites!
 The bat misses!
 The bat bites!
 The bat bites!
 The bat misses!
 The bat bites!
 The bat misses!
 The bat bites!
 The bat bites!
 The bat bites!
 The bat bites!
 The bat bites!
 The bat misses!
 The bat misses!
 The bat misses!
 The bat bites!
 The bat misses!
 The bat bites!
 The bat bites!
 The bat misses!
 The bat bites!
 The bat misses!
 The bat bites!
 The bat bites!
 The bat bites!
 The bat misses!
 The bat misses!
 The bat bites!
 The bat bites!
 The bat bites!
 The bat just misses!
 The bat bites!
 The bat bites!
 The bat bites!
 The bat misses!
 The bat bites!
 The bat misses!
 The bat bites!
 The bat misses!
 The bat bites!
 The bat bites!
 The bat misses!
 The bat bites!
 You die...
 Do you want your possessions identified? [ynq] (y) y
 Do you want to see your attributes? [ynq] (y) q

Inventory:
 Weapons  (')')
  q - 7 +0 arrows
  w - 4 +1 darts (at the ready)
  s - 20 +0 darts
  W - 2 blessed +3 daggers
  Y - 5 +0 daggers
  y - a -1 dagger
  a - a blessed +2 mace (weapon in right hand)
 Armor    ('[')
  l - a +0 orcish helm (being worn)
  M - a +0 pair of leather gloves (being worn)
  h - a burnt +0 pair of high boots
  C - a +0 pair of speed boots (being worn)
  c - a +0 small shield (being worn)
  b - a blessed +2 robe (being worn)
  D - a blessed +1 studded leather armor (being worn)
 Comestibles  ('%')
  N - 7 apples
  O - 11 carrots
  e - a clove of garlic
  i - a fortune cookie
  f - a sprig of wolfsbane
 Scrolls  ('?')
  x - a scroll of light
 Spellbooks  ('+')
  n - a spellbook of turn undead
 Potions  ('!')
  I - a potion of healing
  d - 3 potions of holy water
 Wands    ('/')
  X - a wand of striking (0:7)
  P - a wand of undead turning (0:7)
 Tools    ('(')
  J - an empty sack
  z - a blindfold
  m - a +0 pick-axe
  j - a skeleton key
 Gems/Stones  ('*')
  k - a worthless piece of green glass
  R - a worthless piece of red glass
  K - a touchstone

DaveT the Priest's attributes:

Background:
 You were an Adept, a level 6 human Priest.
 You were lawful, on a mission for Ptah
 who was opposed by Thoth (neutral) and Anhur (chaotic).
 You were right-handed.
 You were in the Gnomish Mines, on level 4.
 You entered the dungeon 3210 turns ago.
 You had 599 experience points, 41 more were needed to attain level 7.

Basics:
 You had 0 out of 62 hit points.
 You had all 63 energy points (spell power).
 Your armor class was -2.
 Your wallet was empty.
 Autopickup was off.

Final Characteristics:
 Your strength was 11 (limit:18/100).
 Your dexterity was 11 (limit:18).
 Your constitution was 18 (limit:18).
 Your intelligence was 10 (limit:18).
 Your wisdom was 17 (limit:18).
 Your charisma was 12 (limit:18).

Final Status:
 You weren't hungry.
 You were burdened; movement was slightly slowed.
 You were wielding a mace.
 You were skilled in mace.

Final Attributes:
 You were haltingly aligned.
 You were telepathic.
 You were guarded.
 Your spell casting was enhanced by wearing a robe.
 You were very fast.
 You are dead.

Miscellaneous:
 You encountered 2 bones levels.
 Total elapsed playing time was 18 minutes and 39 seconds.

Major events:
 Turn
    1: DaveT the lawful human Priest entered the dungeon
 1071: attained the rank of Acolyte (level 3)
 1145: entered the Gnomish Mines
 2490: attained the rank of Adept (level 6)
 3210: killed by a bat, while reading a book

Spells:
 Name                 Level Category     Fail Retention
 detect monsters        1   divination     0%  76%-100%
 identify               3   divination    81%  76%-100%

Skills:
 Fighting Skills
   bare handed combat [Unskilled]
 Weapon Skills
   club               [Unskilled]
   mace               [Skilled]
   morning star       [Unskilled]
   flail              [Unskilled]
   hammer             [Unskilled]
   quarterstaff       [Unskilled]
   polearms           [Unskilled]
   spear              [Unskilled]
   trident            [Unskilled]
   lance              [Unskilled]
   bow                [Unskilled]
   sling              [Unskilled]
   crossbow           [Unskilled]
   dart               [Unskilled]
   shuriken           [Unskilled]
   boomerang          [Unskilled]
   unicorn horn       [Unskilled]
 Spellcasting Skills
   healing spells     [Unskilled]
   divination spells  [Unskilled]
   clerical spells    [Basic]

Voluntary challenges:
 Character rerolling was not enabled.
 You never genocided any monsters.
 You never polymorphed an object.
 You never changed form.
 You used no wishes.
Achievements:
 You entered a shop.
 You attained the rank of Acolyte.
 You entered the Gnomish Mines.
 You attained the rank of Adept.

 The Dungeons of Doom: levels 1 to 6
    Level 1:
    Level 2:
       A general store, some fountains.
    Level 3:
       An armor shop, some altars, a sink.
       Stairs down to The Gnomish Mines.
    Level 4:
       An armor shop, a fountain, a grave.
       Final resting place for
          pots164-Kni-Hum-Mal-Law, slipped while mounting a saddled pony.
    Level 5:
       An altar to Ptah.
       Final resting place for
          poiuztrewq-Arc-Hum-Fem-Neu, killed by a giant bat.
    Level 6:
 The Gnomish Mines: levels 4 to 5
    Level 4: <- You were here.
       Final resting place for
          you, killed by a bat, while reading a book.
    Level 5:


Vanquished creatures:
  3 ghosts
 an orc shaman
  a rock mole
  a pony
  2 yellow lights
  a shrieker
  4 gnome leaders
  3 elf zombies
  a ghoul
  2 floating eyes
  a kitten
  2 dwarves
  a giant bat
  2 acid blobs
  2 coyotes
  a large kobold
  a hobgoblin
  a giant rat
  a brown mold
  2 yellow molds
  a red mold
 13 gnomes
  2 geckos
  5 jackals
  2 kobolds
  3 goblins
  2 grid bugs
  4 lichens
  7 newts
72 creatures vanquished.

No species were genocided or became extinct.

Game over:
                       ----------
                      /          \
                     /    REST    \
                    /      IN      \
                   /     PEACE      \
                  /                  \
                  |      DaveT       |
                  |       0 Au       |
                  | killed by a bat  |
                  |                  |
                  |                  |
                  |                  |
                  |       2026       |
                 *|     *  *  *      | *
        _________)/\\_//(\/(/\)/\//\/|_)_______

Goodbye DaveT the Priest...

You died in The Gnomish Mines on dungeon level 4 with 2706 points,
and 0 pieces of gold, after 3210 moves.
You were level 6 with a maximum of 62 hit points when you died.

